 Dungeon Crawl Stone Soup version 0.28-a0-503-g83f2989fac (webtiles) character file.

Game seed: 5949405693039739939

27 meatgazer the Skirmisher (level 2, 0/24 HPs)
             Began as a Demonspawn Abyssal Knight on Sept 20, 2021.
             Was a Follower of Lugonu.
             Killed from afar by a steam dragon (18 damage)
             ... with a ball of steam
             ... on level 4 of the Dungeon.
             The game lasted 00:01:59 (1182 turns).

meatgazer the Skirmisher (DsAK)                     Turns: 1182, Time: 00:02:01

Health: 0/24       AC:  3    Str: 13    XL:     2   Next: 93%
Magic:  4/4        EV: 11    Int: 11    God:    Lugonu [*.....]
Gold:   54         SH:  0    Dex: 13    Spells: 1/1 levels left

rFire   . . .      SeeInvis .   a - +1 spear
rCold   . . .      Faith    .   (no shield)
rNeg    . . .      Spirit   .   b - +0 leather armour
rPois   .          Reflect  .   (no helmet)
rElec   .          Harm     .   (no cloak)
rCorr   .          Rampage  .   (no gloves)
Will    .....                   (no boots)
Stlth   +.........              (no amulet)
HPRegen 0.08/turn               (no ring)
MPRegen 0.09/turn               (no ring)

@: no status effects
A: hooves 1
a: Renounce Religion, Depart the Abyss


You were on level 4 of the Dungeon.
You worshipped Lugonu.
Lugonu was aware of your devotion.
You visited 1 branch of the dungeon, and saw 4 of its levels.
You visited the Abyss 1 time.

You collected 54 gold pieces.

Inventory:

Hand Weapons
 a - a +1 spear (weapon)
Missiles
 g - a throwing net
Armour
 b - a +0 leather armour (worn)
Jewellery
 h - an amulet of regeneration
 i - an amulet of faith
Wands
 f - a wand of digging (6)
Scrolls
 c - a scroll of teleportation
 d - a scroll of identify
 e - 2 scrolls of vulnerability {unknown}
Potions
 j - a potion of invisibility {unknown}


   Skills:
 + Level 3.4 Fighting
 + Level 2.3 Polearms
 - Level 1.7 Armour
 - Level 0.8 Dodging
 + Level 3.2 Invocations


You had one spell level left.
You didn't know any spells.
Your spell library was empty.

Dungeon Overview and Level Annotations

Branches:
Dungeon (4/15)
 Temple: D:4-7

Altars:

Shops:
D:4 [


Innate Abilities, Weirdness & Mutations

You have large cloven feet.


Message History

Found a stone staircase leading down.
There is a stone staircase leading up here.
j - a fizzy puce potion
(D) Dungeon
Where to? (Enter - D:3, ? - help)
There is a stone staircase leading down here.
You climb downwards.
The goblin shouts!
The steam dragon hisses angrily.
Found a scroll labelled DAZYKUR ANGI, a cyan potion and 10 gold pieces.
There is a stone staircase leading up here.
There are monsters nearby!
You catch the helpless ball python completely off-guard!
You hit the ball python.
You kill the ball python!
Lugonu accepts your kill.
Found Waugin's Antique Armour Shoppe.
The endoplasm quivers.
You hit the endoplasm but do no damage.
You kick the endoplasm, but do no damage.
The endoplasm closely misses you.
You hit the endoplasm.
The endoplasm is lightly wounded.
The endoplasm hits you.
You hit the endoplasm.
You kill the endoplasm!
Lugonu accepts your kill.
Found a puce potion.
The goblin hits you with a +0 club.
You hit the steam dragon but do no damage.
You kick the steam dragon, but do no damage.
The goblin hits you with a +0 club.
The steam dragon bites you but does no damage.
The steam dragon barely misses you.
An orc comes into view. It is wielding a +0 war axe.
Found an inky potion.
The orc shouts!
The steam dragon breathes steam at you. The ball of steam hits you!!
Ouch! That really hurt!
You die...

..#!.. .......
### # ....... ..
.. .......###.
..o
........#.##..#
........∩... .#.
....#.....# ....
....#...@.#$....
!......g§##.....
#.##....D......#
..####......!..#.
....#............
..............##.
.......<.........
............#....
.?..........##...


You could see a steam dragon (catching breath), an orc and a goblin.

Vanquished Creatures
  A dart slug (D:1)
  2 ball pythons
  3 endoplasms
  2 giant cockroaches
  4 goblins
  3 hobgoblins
  A quokka (D:1)
  A bat (D:1)
  5 rats
22 creatures vanquished.

Notes
Turn   | Place    | Note
-------+----------+-------------------------------------------
     0 | Abyss:1  | meatgazer the Demonspawn Abyssal Knight began the quest for
                  | the Orb.
     0 | Abyss:1  | Reached XP level 1. HP: 18/18 MP: 2/2
    38 | Abyss:1  | Noticed a large abomination
    70 | Abyss:2  | Found a corrupted altar of Lugonu.
    72 | Abyss:2  | Found a corrupted altar of Lugonu.
    96 | Abyss:3  | Noticed a small abomination
   104 | Abyss:3  | Noticed an iron imp
   169 | Abyss:4  | Noticed a large abomination
   177 | D:1      | Escaped the Abyss
   555 | D:1      | Found a faded altar of an unknown god.
   684 | D:1      | Gained mutation: You have large cloven feet. [demonic
                  | ancestry]
   684 | D:1      | Reached XP level 2. HP: 24/24 MP: 4/4
   713 | D:1      | Reached * piety under Lugonu
  1171 | D:4      | Noticed a steam dragon
  1173 | D:4      | Found Waugin's Antique Armour Shoppe.
  1182 | D:4      | Killed from afar by a steam dragon

Illustrated notes

Levels and vault maps discovered:
D:1:      minmay_arrival_doors, layout_basic, basic_ecumenical_altar,
          kennysheep_small_spiral
D:2:      layout_basic, minmay_pentomino_u4
D:3:      layout_basic, vehumet_altar_wand_db, grunt_temple_overflow_open,
          grunt_ministairs_14, uniq_terence
D:4:      kennysheep_slugbush, layout_cave_pools, serial_shops, shop,
          uniq_sigmund, uniq_edmund

Skill      XL: |  1  2 |
---------------+-------+-----
Polearms       | 2 |  2.3
Invocations    | 3 |  3.2
Fighting       | |  3.4
Armour         | |  1.7
Dodging        | |  0.8

Action                   || total
-------------------------++-------
Melee: Spear             ||    60
       Kick              ||     5
Invok: Depart the Abyss  ||     1
  Use: Scroll            ||     2
 Stab: Sleeping          ||     2
       Distracted        ||     1
Armor: Leather armour    ||     6
Dodge: Dodged            ||    21

Table legend: (Time is in decaauts)
 A = Elapsed time spent in this place.
 B = Non-inter-level travel time spent in this place.
 C = Inter-level travel time spent in this place.
 D = Time resting spent in this place.
 E = Time spent auto-exploring this place.
 F = Levels seen in this place.
 G = Mean time per level.
                   A        B        C        D        E       F      G
               +--------+--------+--------+--------+--------+-----+--------+
         Total |   1180 |   1112 |     68 |    267 |    643 |   8 |  147.5 |
       Dungeon |   1004 |    936 |     68 |    205 |    603 |   4 |  251.0 |
         Abyss |    176 |    176 |      0 |     62 |     40 |   4 |   44.0 |
               +--------+--------+--------+--------+--------+-----+--------+

Top non-repeatable levels by time:
     D:1: 798 daAuts
     D:2: 160 daAuts
 Abyss:4: 69 daAuts
 Abyss:1: 69 daAuts
     D:3: 34 daAuts
 Abyss:3: 30 daAuts
     D:4: 10 daAuts
 Abyss:2: 6 daAuts
